 Dungeon Crawl Stone Soup version 0.30-a0-329-g85436e0a43 (webtiles) character file.

Game seed: 15798257777130479200

23 lunkers the Conjurer (level 3, -2/21 (29) HPs)
             Began as a Meteoran Reaver on Oct 28, 2022.
             Slain by a worm (7 damage)
             ... on level 2 of the Dungeon.
             The game lasted 00:01:51 (512 turns).

lunkers the Conjurer (Meteoran Reaver)               Turns: 512, Time: 00:01:52

HP:   -2/21 (29)    AC:  3    Str: 13    XL:     3   Next: 29%
MP:   8/8           EV: 12    Int: 17    God:
Gold: 66            SH:  0    Dex: 12    Spells: 2/8 levels left

rFire   . . .      SeeInvis .    a - +0 short sword
rCold   . . .      Faith    .    (no shield)
rNeg    . . .      Spirit   .    b - +0 leather armour
rPois   .          Reflect  .    (no helmet)
rElec   .          Harm     .    (no cloak)
rCorr   .          Rampage  .    (no gloves)
Will    .....                    (no boots)
Stlth   +.........               (no amulet)
HPRegen 0.23/turn                (no ring)
MPRegen 0.11/turn                (no ring)

@: glowing, very heavily drained
A: sense surroundings 1, otherworldly, glowing, explore regen
a: no special abilities


You were on level 2 of the Dungeon.
You visited 1 branch of the dungeon, and saw 2 of its levels.

You collected 66 gold pieces.

Inventory:

Hand Weapons
 a - a +0 short sword (weapon)
Armour
 b - a +0 leather armour (worn)
Scrolls
 c - 2 scrolls of identify {unknown}
 d - a scroll of blinking {unknown}
 e - a scroll of vulnerability {unknown}
Potions
 f - 2 potions of invisibility {unknown}


   Skills:
 - Level 2.1 Fighting
 - Level 3.2 Short Blades
 - Level 2.4 Dodging
 + Level 3.2 Spellcasting
 * Level 4.5 Conjurations
 * Level 0.0 Earth Magic


You had 2 spell levels left.
You knew the following spells:

 Your Spells              Type           Power      Damage    Failure   Level
b - Stone Arrow           Conj/Erth      20%        3d8       26%         3
c - Momentum Strike       Conj/Tloc      20%        3d8       13%         2
p - Kiss of Death         Conj/Necr      40%        2d8       9%          1

Your spell library contained the following spells:

 Spells                   Type           Power      Damage    Failure   Level
 Hailstorm                Conj/Ice       10%        3d5       26%         3
 Animate Armour           Summ/Erth      4%         N/A       91%         4
 Lehudib's Crystal Spear  Conj/Erth      5%         10d3      100%        8


Dungeon Overview and Level Annotations

Branches:
Dungeon (2/15) Zot: 696

Altars:


Innate Abilities, Weirdness & Mutations

You passively map a small area around you.
You are easily found by Zot.
You glow in the dark.
You regain HP and MP as you explore.


Message History

Aim: a kobold, wielding a +0 short sword (severely wounded, 60% to hit)
Okay, then.
The kobold attacks as you move away!
The kobold hits you with a +0 short sword.
* * * LOW HITPOINT WARNING * * *
You barely miss the kobold.
The kobold is heavily wounded.
The kobold closely misses you.
Casting: Momentum Strike (safe; 13% risk of failure)
Confirm with . or Enter, or press ? or * to list all spells.
Aiming: Kiss of Death (safe; 9% risk of failure)
Press: ? - help, Shift-Dir - straight line, f - kobold
Aim: a kobold, wielding a +0 short sword (moderately wounded, 100% to hit)
The negative energy hits the kobold!
The kobold is drained!
You kill the kobold!
You feel drained.
Casting: Kiss of Death (safe; 9% risk of failure)
Confirm with . or Enter, or press ? or * to list all spells.
You can't see any susceptible monsters within range! (Use Z to cast anyway.)
Casting: Kiss of Death (safe; 9% risk of failure)
Confirm with . or Enter, or press ? or * to list all spells.
You can't see any susceptible monsters within range! (Use Z to cast anyway.)
Casting: Kiss of Death (safe; 9% risk of failure)
Confirm with . or Enter, or press ? or * to list all spells.
Okay, then.
You aren't carrying any items that you can evoke.
You are too injured to fight recklessly!
You are too injured to fight recklessly!
The worm closely misses you.
You hit the worm but do no damage. You hit the worm.
The worm is moderately wounded.
The worm bites you!
* * * LOW HITPOINT WARNING * * *
You hit the worm.
The worm is moderately wounded.
You barely miss the worm.
The worm is moderately wounded.
The worm bites you!
You die...

####. #.#########.## #.#
*#....###.##.........# #.#
,
#...!..#########..#####.#
*
#.$†......)..w...w##.##.#
*
#..###.##########.##.##.#
,(.... #.# #.##.####
.###(.* #.# #.##.#### ...,
#.##########.......#
....,+........@w.......###
..... #.########.......##
#..... +..# #.......#
....<.#..# #..#.##.###
......#..# #..#......#
.........# #..#.##.###
#.#..##..#######.[#.##.#
.............†.........# ,
....##<.#######..#.####


You could see a worm.

Vanquished Creatures
  An adder (D:2)
  4 hobgoblins
  A kobold (D:2)
  5 ball pythons
  2 bats (D:1)
  A rat (D:1)
14 creatures vanquished.

Notes
Turn   | Place    | Note
-------+----------+-------------------------------------------
     0 | D:1      | lunkers the Meteoran Reaver began the quest for the Orb.
     0 | D:1      | Reached XP level 1. HP: 17/17 MP: 5/5
    83 | D:1      | Reached skill level 4 in Conjurations
    83 | D:1      | Reached XP level 2. HP: 23/24 MP: 6/6
   362 | D:2      | Reached XP level 3. HP: 18/23 MP: 4/8
   365 | D:2      | Learned a level 2 spell: Momentum Strike
   369 | D:2      | Learned a level 3 spell: Stone Arrow
   512 | D:2      | Slain by a worm

Illustrated notes

Levels and vault maps discovered:
D:1:      denvon_arrival_planthouse, layout_basic,
          hangedman_abyss_or_decor_stabs
D:2:      layout_basic, basic_altar, minmay_tromino_mix6

Skill      XL: |  1  2 |
---------------+-------+-----
Conjurations   | 4 |  4.5
Spellcasting   | 3 |  3.2
Fighting       | |  2.1
Short Blades   | |  3.2
Dodging        | |  2.4

Action                   || total
-------------------------++-------
Melee: Short sword       ||    58
 Cast: Kiss of Death     ||     3
Armor: Leather armour    ||    14
Dodge: Dodged            ||    22

Table legend: (Time is in decaauts)
 A = Elapsed time spent in this place.
 B = Non-inter-level travel time spent in this place.
 C = Inter-level travel time spent in this place.
 D = Time resting spent in this place.
 E = Time spent auto-exploring this place.
 F = Levels seen in this place.
 G = Mean time per level.
                   A        B        C        D        E       F      G
               +--------+--------+--------+--------+--------+-----+--------+
         Total |    502 |    471 |     31 |      0 |    338 |   2 |  251.0 |
       Dungeon |    502 |    471 |     31 |      0 |    338 |   2 |  251.0 |
               +--------+--------+--------+--------+--------+-----+--------+

Top non-repeatable levels by time:
     D:1: 344 daAuts
     D:2: 158 daAuts
